 Dungeon Crawl Stone Soup version 0.24-a0-584-g9d6b971ae4 (webtiles) character file.

Game seed: 15941884221448300336, levelgen mode: deterministic

309164 Gargoyl the Warrior (level 20, -29/191 HPs)
             Began as a Centaur Abyssal Knight on Sept 5, 2019.
             Was a Priest of Lugonu.
             Killed from afar by an ancient lich (33 damage)
             ... with an iron shot
             ... on level 5 of the Vaults on Sept 6, 2019.
             The game lasted 02:44:11 (59484 turns).

Gargoyl the Warrior (Centaur Abyssal Knight)       Turns: 59484, Time: 02:44:12

Health: -29/191    AC: 25    Str: 36    XL:     20   Next: 71%
Magic:  27/31      EV: 21    Int: 11    God:    Lugonu [***...]
Gold:   1310       SH:  9    Dex: 19    Spells: 19/19 levels left

rFire    + + +     SeeInvis .   Y - +7 hand axe (elec)
rCold    . . .     Gourm    .   X - +2 buckler {reflect}
rNeg     + . .     Faith    .   t - +2 chain mail {MR+}
rPois    +         Spirit   .   y - +1 hat {MR+}
rElec    +         Reflect  +   P - scarf {rC+ rF+}
rCorr    .         Harm     .   T - +0 pair of gloves
MR       +++..                  U - +1 centaur barding
Stlth    ..........             F - amulet of the Coward {rF+ rC- rN+ Regen+}
HPRegen  0.81/turn              J - ring of Peraq {*Corrode rElec rPois rF+ Str+10}
MPRegen  0.22/turn              n - +4 ring of evasion

@: mighty, agile, berserk cooldown, slowed, studying Bows, lightly drained
A: large, hooves 3, icy blue scales 1, agile 1, blink, deformed body, speed 2,
tough skin 3
}: 1/15 runes: serpentine
a: Blink, Depart the Abyss, Bend Space, Banish, Renounce Religion


You were on level 5 of the Vaults.
You worshipped Lugonu.
Lugonu was most pleased with you.
You were not hungry.

You visited 5 branches of the dungeon, and saw 32 of its levels.
You visited the Abyss 6 times.
You also visited: Sewer, Ossuary and Ice Cave.

You collected 3574 gold pieces.
You spent 2264 gold pieces at shops.

Inventory:

Hand Weapons
 e - the +9 hunting sling of Huaposui {venom, rPois MR+ Int-4}
   (You found it on level 3 of the Abyss)

   It poisons the ammo it fires.
   It affects your intelligence (-4).
   It protects you from poison.
   It affects your resistance to hostile enchantments.
 B - a +2 war axe of electrocution
 K - a +1 broad axe
 Y - a +7 hand axe of electrocution (weapon)
Armour
 r - +0 gold dragon scales
 t - a +2 chain mail of magic resistance (worn)
 y - a +1 hat of magic resistance (worn)
 P - a scarf of resistance (worn)
 T - a +0 pair of gloves (worn)
 U - a +1 centaur barding (worn)
 X - a +2 buckler of reflection (worn)
Jewellery
 i - a +3 ring of dexterity
 n - a +4 ring of evasion (right hand)
 u - an uncursed ring of protection from cold
 x - an uncursed ring of protection from magic
 F - the amulet of the Coward (around neck) {rF+ rC- rN+ Regen+}
   (You bought it in a shop on level 15 of the Dungeon)

   [amulet of regeneration]

   It protects you from fire.
   It makes you vulnerable to cold.
   It protects you from negative energy.
   It increases your rate of regeneration.
 J - the ring of Peraq (left hand) {*Corrode rElec rPois rF+ Str+10}
   (You found it on level 1 of the Lair of Beasts)

   [ring of protection from fire]

   It affects your strength (+10).
   It protects you from fire.
   It insulates you from electricity.
   It protects you from poison.
   It may corrode you when you take damage.
 M - an uncursed ring of protection from cold
 N - an uncursed ring of resist corrosion
 V - an uncursed ring of protection from cold
 W - an uncursed ring of flight
Wands
 a - a wand of acid (8)
 L - a wand of disintegration (17)
 S - a wand of iceblast (19)
Scrolls
 b - 6 scrolls of identify
 h - 9 scrolls of magic mapping
 k - a scroll of holy word
 s - 10 scrolls of remove curse
 v - 5 scrolls of blinking
 A - 9 scrolls of teleportation
 D - 3 scrolls of fog
Potions
 d - 3 potions of ambrosia
 f - 4 potions of agility
 m - 2 potions of berserk rage
 o - 5 potions of might
 p - 15 potions of curing
 q - 4 potions of invisibility
 w - 3 potions of haste
 z - 7 potions of magic
 C - a potion of mutation
 E - 3 potions of brilliance
 G - 5 potions of flight
 O - 5 potions of cancellation
 Q - 5 potions of resistance
Books
 H - a manual of Bows
Miscellaneous
 I - a sack of spiders
Comestibles
 c - 45 rations
 g - 5 chunks of flesh


   Skills:
 * Level 19.1(18.9) Fighting
 + Level 9.9(9.8) Axes
 - Level 12.0(11.8) Slings
 + Level 0.7(7.6) Throwing
 * Level 13.0(12.8) Armour
 * Level 10.3(10.1) Dodging
 * Level 9.1(8.9) Shields
 * Level 15.0(14.8) Invocations
 * Level 10.4(10.3) Evocations


You had 19 spell levels left.
You didn't know any spells.
Your spell library contained the following spells:

 Spells                   Type           Power        Failure   Level  Hunger
 Animate Skeleton         Necr           N/A          71%         1    ##.....
 Apportation              Tloc           #.....       71%         1    ##.....
 Confusing Touch          Hex            #.....       71%         1    ##.....
 Corona                   Hex            #......      71%         1    ##.....
 Freeze                   Ice            #...         71%         1    ##.....
 Magic Dart               Conj           #...         71%         1    ##.....
 Sting                    Conj/Pois      #...         71%         1    ##.....
 Summon Butterflies       Summ           #.......     71%         1    ##.....
 Summon Small Mammal      Summ           #...         71%         1    ##.....
 Blink                    Tloc           N/A          83%         2    ###....
 Call Imp                 Summ           #.......     83%         2    ###....
 Ensorcelled Hibernation  Hex/Ice        #.....       83%         2    ###....
 Slow                     Hex            #.......     83%         2    ###....
 Sublimation of Blood     Necr           #.........   83%         2    ###....
 Throw Flame              Conj/Fire      #.....       83%         2    ###....
 Throw Frost              Conj/Ice       #.....       83%         2    ###....
 Call Canine Familiar     Summ           #.......     97%         3    ####...
 Confuse                  Hex            #.......     97%         3    ####...
 Conjure Flame            Conj/Fire      #.......     97%         3    ####...
 Dazzling Spray           Conj/Hex       #.....       97%         3    ####...
 Ignite Poison            Fire/Tmut/Pois #.......     97%         3    ####...
 Inner Flame              Hex/Fire       #.......     97%         3    ####...
 Mephitic Cloud           Conj/Pois/Air  #.......     97%         3    ####...
 Ozocubu's Armour         Chrm/Ice       #.......     97%         3    ####...
 Portal Projectile        Hex/Tloc       #.....       97%         3    ####...
 Static Discharge         Conj/Air       #.......     97%         3    ####...
 Teleport Other           Tloc           #.......     97%         3    ####...
 Tukima's Dance           Hex            #.......     97%         3    ####...
 Cause Fear               Hex            #.........   100%        4    #####..
 Force Lance              Conj/Tloc      #.......     100%        4    #####..
 Leda's Liquefaction      Hex/Erth       #.........   100%        4    #####..
 Petrify                  Tmut/Erth      #.......     100%        4    #####..
 Summon Ice Beast         Ice/Summ       #.......     100%        4    #####..
 Throw Icicle             Conj/Ice       #.......     100%        4    #####..
 Alistair's Intoxication  Tmut/Pois      #.......     100%        5    ######.
 Bolt of Magma            Conj/Fire/Erth #.........   100%        5    ######.
 Dispel Undead            Necr           #.......     100%        5    ######.
 Fireball                 Conj/Fire      #.........   100%        5    ######.
 Irradiate                Conj/Tmut      #.........   100%        5    ######.
 Iskenderun's Battlesphe  Conj/Chrm      #.......     100%        5    ######.
 Lightning Bolt           Conj/Air       #.........   100%        5    ######.
 Summon Mana Viper        Hex/Summ       #.......     100%        5    ######.
 Venom Bolt               Conj/Pois      #.........   100%        5    ######.
 Bolt of Cold             Conj/Ice       #.........   100%        6    #######
 Bolt of Fire             Conj/Fire      #.........   100%        6    #######
 Iron Shot                Conj/Erth      #.........   100%        6    #######
 Haunt                    Necr/Summ      #.........   100%        7    #######
 Orb of Destruction       Conj           #.........   100%        7    #######
 Spellforged Servitor     Conj/Summ      #.........   100%        7    #######
 Summon Hydra             Summ           #.........   100%        7    #######
 Borgnjor's Revivificati  Necr           #.........   100%        8    #######
 Death's Door             Chrm/Necr      #.........   100%        8    #######
 Ignition                 Fire           #.........   100%        8    #######
 Infestation              Necr           #.........   100%        8    #######
 Necromutation            Tmut/Necr      #.........   100%        8    #######
 Shatter                  Erth           #.........   100%        9    #######
 Tornado                  Air            #.........   100%        9    #######


Dungeon Overview and Level Annotations

Branches:
Dungeon (15/15)            Temple (0/1) D:7            Lair (6/6) D:11
 Shoals (0/4) Lair:2        Snake (4/4) Lair:3        Slime (0/5) Lair:6
    Orc (2/2) D:9             Elf (0/3) Orc:2        Vaults (5/5) D:14
  Crypt (0/3) Vaults:2     Depths (0/5) D:15          Sewer (visited)
Ossuary (visited)           IceCv (visited)

Altars:
Ashenzari
Cheibriados
Nemelex Xobeh
Qazlal
Vehumet
Wu Jian
The Shining One
Beogh
Jiyva

Shops:
D:7 %   D:15 (!=(   Orc:2 !*}(   Snake:2 ?   Snake:3 :   Snake:4 [   Vaults:1 [
Vaults:4 [

Portals:
Trove: Vaults:1 (give horn of Geryon)

Annotations:
Vaults:3 Mennas
Vaults:5 corrupted, Sojobo


Innate Abilities, Weirdness & Mutations

You have hooves in place of feet.
Armour fits poorly on your strangely shaped body.
You cover ground very quickly.
You have extremely tough skin. (AC +3)
You are partially covered in icy blue scales. (AC +2)
You are agile. (Dex +2)
You can translocate small distances at will.


Message History

You feel better. The reaper completely misses you. Something touches you!
* * * LOW HITPOINT WARNING * * *
You partially resist.
You feel drained.
* * * LOW HITPOINT WARNING * * *
The yaktaur captain shoots a bolt.
The bolt hits you!
* * * LOW HITPOINT WARNING * * *
The bolt burns you.
* * * LOW HITPOINT WARNING * * *
You hear a shout!
Press: ? - help, Shift-Dir - straight line, f - deep elf high priest
Aim: a deep elf high priest, wielding a +0 short sword (chance to defeat MR: 45%) Nothing appears to happen.
You feel somewhat more hungry.
You can no longer corrupt the fabric of space.
Something touches you but does no damage.
An orc warrior comes into view. It is wielding a +0 trident.
The reaper hits you but does no damage.
You hear some strange, mumbled words.
An iron shot appears from out of thin air!
The iron shot hits you!!
You die...

#..()# ...
#...)# .o#
#..).# (.#
#....#
##(.#
#....#
##c.(#
#....#
#TXo.###..
#....#
#e2.......
#....#
##(c1...##.
#....#
#@#######
#)...# ###
......


You could see a Hell Sentinel, a tentacled monstrosity, 2 yaktaur captains, a
reaper, an orc knight, a deep troll, a deep elf high priest and an orc warrior.

Vanquished Creatures
  Bai Suzhen (Vaults:3)
  Vashnia (Snake:3)
  A golden dragon (Vaults:5)
  Nikola (Snake:3)
  Jorgrun (D:13)
  A lich (Vaults:1)
  Frances (D:13)
  3 tengu reavers
  11 nagarajas
  2 storm dragons
  2 frost giants
  A fire giant (Vaults:2)
  5 vault wardens
  Louise (Snake:3)
  2 orc warlords
  A ghoul (Vaults:2)
  13 ironheart preservers
  A war gargoyle (Vaults:2)
  5 very ugly things
  4 entropy weavers (Vaults:4)
  6 stone giants
  Nessos (Lair:6)
  6 dire elephants (Lair:6)
  2 ettins
  Josephine (Lair:6)
  A deep elf death mage (Vaults:2)
  A fire dragon (shapeshifter) (Vaults:2)
  A fire dragon (Vaults:2)
  8 ogre magi
  The ghost of Qaib the Nimble, a journeyman OpWz of Sif Muna (Lair:3)
  3 rakshasas
  10 yaktaur captains
  A deep elf high priest (Vaults:5)
  A great orb of eyes (Vaults:4)
  5 hydras
  An ice dragon (shapeshifter) (Vaults:2)
  14 vault guards
  2 catoblepae
  9 naga warriors
  21 two-headed ogres
  An ice dragon (Vaults:2)
  16 anacondas
  7 centaur warriors
  2 queen ants (shapeshifter) (Vaults:3)
  3 death knights
  3 tengu warriors (D:15)
  A deep troll earth mage (Vaults:2)
  A vampire mage (Vaults:2)
  8 orc high priests
  3 death yaks
  14 naga sharpshooters
  5 shock serpents
  Urug (Lair:1)
  3 deep elf knights (Vaults:2)
  Nergalle (Lair:1)
  A salamander mystic (Snake:1)
  12 sea snakes
  A shadow wraith (Vaults:2)
  5 unseen horrors
  A skeletal warrior (Vaults:1)
  A flayed ghost (Vaults:3)
  A tengu zombie (Vaults:4)
  13 deep trolls
  6 naga ritualists
  A glowing orange brain (Vaults:4)
  6 ironbrand convokers
  11 harpies
  3 deep elf archers
  4 wizards
  2 phantasmal warriors (Vaults:2)
  8 mana vipers
  32 orc knights
  4 necromancers
  7 deep elf magi
  22 ugly things
  A sphinx skeleton (Vaults:4)
  6 wolf spiders
  7 orc sorcerers
  7 cyclopes
  4 salamanders
  A worldbinder (Abyss:1)
  2 guardian serpents (shapeshifter)
  3 manticores
  13 vault sentinels
  21 black mambas
  15 guardian serpents
  21 naga magi
  26 elephants
  2 human skeletons
  2 ice statues (IceCv)
  2 gargoyles
  13 spiny frogs
  4 centaur skeletons
  A yaktaur zombie (Vaults:4)
  5 komodo dragons
  19 yaktaurs
  A kobold demonologist (D:15)
  A rime drake (Lair:2)
  A yaktaur skeleton (Vaults:1)
  7 freezing wraiths
  8 trolls
  17 polar bears
  4 tengu conjurers
  A hornet (shapeshifter) (Vaults:4)
  3 jumping spiders (Vaults:4)
  A tengu simulacrum (Vaults:1)
  An ettin zombie (Vaults:4)
  8 hippogriffs
  28 slime creatures
  24 blink frogs
  A fire giant simulacrum (Vaults:2)
  2 small abominations (Abyss:1)
  2 redbacks (Vaults:4)
  2 shadows
  A water elemental (Abyss:1)
  A tarantella (shapeshifter) (Vaults:1)
  A spriggan (shapeshifter) (Vaults:4)
  A spriggan (D:7)
  11 wraiths
  A vampire (D:9)
  62 yaks
  A wyvern (D:10)
  2 golden eyes (shapeshifter)
  3 basilisks
  3 hungry ghosts
  A human (shapeshifter) (Vaults:3)
  2 vampire mosquitoes (D:13)
  2 steam dragons
  11 wargs
  2 acid dragons
  68 nagas
  A soldier ant (D:11)
  A soldier ant (shapeshifter) (D:14)
  22 water moccasins
  A floating eye (shapeshifter) (Vaults:5)
  8 porcupines
  65 orc warriors
  5 ice beasts
  A black bear (D:11)
  3 sky beasts
  8 necrophages (D:12)
  6 boggarts
  An eye of draining (shapeshifter) (Vaults:1)
  An eye of draining (D:15)
  37 ogres
  5 phantoms
  25 wolves
  26 centaurs
  5 big kobolds
  9 crocodiles
  13 bullfrogs
  3 elf zombies (Ossuary)
  A gnoll sergeant (D:5)
  3 wyvern skeletons (D:13)
  6 scorpions
  A water moccasin skeleton (D:6)
  15 killer bees
  8 wights
  2 human simulacra
  8 electric eels
  4 crimson imps
  12 centaur zombies
  2 quasits
  5 bullfrog zombies
  2 bullfrog skeletons
  4 human zombies
  3 jellies
  52 orc priests
  9 hounds
  5 iguanas
  39 orc wizards
  A gnoll shaman (D:9)
  7 worker ants
  Natasha (thrice) (D:2)
  2 hound skeletons
  6 mummies
  21 adders
  17 gnolls
  A howler monkey skeleton (D:5)
  8 river rats
  7 shadow imps
  2 oozes (Sewer)
  An adder skeleton (D:7)
  5 worms
  7 dart slugs
  2 leopard geckos
  156 orcs
  4 giant cockroaches
  9 hobgoblins
  5 jackals
  19 kobolds
  5 quokkas
  9 ball pythons
  4 bats
  5 frilled lizards
  A giant cockroach zombie (D:6)
  6 goblins
  A goblin zombie (D:5)
  A leopard gecko zombie (D:5)
  A quokka zombie (D:5)
  29 rats
  A fungus (Lair:5)
  6 plants
1602 creatures vanquished.

Vanquished Creatures (collateral kills)
  A naga warrior (Snake:2)
  A guardian serpent (Snake:2)
  A naga mage (Snake:2)
  2 nagas (Snake:2)
  An orc priest (D:12)
  A mummy (D:12)
7 creatures vanquished.

Vanquished Creatures (others)
  The ghost of Qann the Lord of Darkness, a journeyman HuNe of Kikubaaqudgha (Lair:2)
  A deep elf demonologist (Vaults:5)
  The ghost of Yroovet the Grappler, a journeyman TrFi of Wu Jian (Lair:3)
  The ghost of Viasus the Prestidigitator, a journeyman GnAr of Trog (Lair:3)
  4 vault guards (Vaults:5)
  2 naga sharpshooters
  An unseen horror (shapeshifter) (D:14)
  An ironbrand convoker (Vaults:2)
  A phantasmal warrior (Vaults:2)
  A manticore (D:13)
  A guardian serpent (Snake:4)
  2 yaktaurs
  A vampire (D:14)
  A naga (Snake:2)
  3 boggarts (Vaults:2)
  An ogre (Vaults:5)
  21 fungi
  37 plants
  2 starspawn tentacles (Vaults:5)
  A withered plant (D:12)
84 creatures vanquished.

Grand Total: 1693 creatures vanquished

Notes
Turn   | Place    | Note
-------+----------+-------------------------------------------
     0 | Abyss:1  | Gargoyl the Centaur Abyssal Knight began the quest for the
                  | Orb.
     0 | Abyss:1  | Reached XP level 1. HP: 19/19 MP: 2/2
    43 | Abyss:1  | Noticed a starcursed mass
   127 | Abyss:1  | Found a corrupted altar of Lugonu.
   158 | Abyss:1  | Noticed a large abomination
   158 | Abyss:1  | Noticed a large abomination
   181 | Abyss:1  | Noticed a ynoxinul
   202 | Abyss:1  | Noticed an iron imp
   209 | Abyss:1  | Noticed a small abomination
   219 | Abyss:1  | Noticed a large abomination
   253 | Abyss:2  | Noticed a large abomination
   324 | Abyss:3  | Got a faintly glowing hunting sling
   339 | Abyss:3  | Noticed an ancient zyme
   346 | Abyss:3  | Noticed a spatial vortex
   352 | Abyss:3  | Noticed a neqoxec
   352 | Abyss:3  | Noticed a spatial vortex
   355 | Abyss:3  | Noticed a crimson imp
   355 | Abyss:3  | Noticed a raiju
   355 | Abyss:3  | Noticed a large abomination
   356 | Abyss:3  | Noticed a starcursed mass
   358 | Abyss:3  | Noticed a spatial vortex
   358 | Abyss:3  | Noticed a neqoxec
   359 | D:1      | Escaped the Abyss
   360 | D:1      | Identified the +9 hunting sling of Huaposui {venom, rPois
                  | MR+ Int-4} (You found it on level 3 of the Abyss)
   782 | D:1      | Reached * piety under Lugonu
   886 | D:1      | Found a sparkling altar of Nemelex Xobeh.
   923 | D:1      | Reached XP level 2. HP: 26/26 MP: 3/3
  1128 | D:1      | Reached skill level 1 in Dodging
  1390 | D:1      | Reached XP level 3. HP: 31/31 MP: 4/4
  1463 | D:2      | Reached skill level 1 in Slings
  1465 | D:2      | Noticed Natasha
  1469 | D:2      | Killed Natasha
  1478 | D:2      | Reached XP level 4. HP: 38/38 MP: 5/5
  1485 | D:2      | Reached ** piety under Lugonu
  1495 | D:2      | Found a faded altar of an unknown god.
  1946 | D:2      | Noticed Natasha
  1950 | D:2      | Killed Natasha
  2048 | D:2      | Found a snail-covered altar of Cheibriados.
  2124 | D:2      | Noticed Natasha
  2130 | D:2      | Killed Natasha
  2130 | D:2      | Reached XP level 5. HP: 38/45 MP: 5/7
  2606 | D:3      | Reached XP level 6. HP: 51/51 MP: 8/8
  3010 | D:4      | Got a flickering copper ring
  3558 | D:5      | Entered Level 5 of the Dungeon
  3926 | D:5      | Reached *** piety under Lugonu
  4111 | D:5      | Reached skill level 5 in Slings
  4111 | D:5      | Reached XP level 7. HP: 58/58 MP: 9/9
  4166 | D:5      | Identified Gaav's Handbook of the Burning Voyage
  4275 | D:5      | Found a sand-covered staircase.
  4282 | Ossuary  | Entered an ossuary
  4423 | Ossuary  | Reached skill level 4 in Fighting
  4623 | Ossuary  | Reached XP level 8. HP: 59/66 MP: 11/11
  5061 | D:5      | Got a transparent hunting sling
  5062 | D:5      | Identified the cursed +0 hunting sling of Virtue {flame,
                  | rPois rC+ Str-5 Int+2} (You found it on level 5 of the
                  | Dungeon)
  5523 | D:6      | Identified the ring of the Camelopard {+Fly Int+4} (You
                  | found it on level 4 of the Dungeon)
  5635 | D:6      | Reached **** piety under Lugonu
  5678 | D:6      | Reached skill level 5 in Invocations
  6001 | D:6      | Reached XP level 9. HP: 66/72 MP: 12/12
  6179 | D:6      | Found a glowing golden altar of the Shining One.
  6237 | D:6      | Found a glowing drain.
  6280 | Sewer    | Entered a sewer
  6377 | Sewer    | Reached ***** piety under Lugonu
  6604 | Sewer    | Reached skill level 5 in Fighting
  7441 | D:7      | Found a staircase to the Ecumenical Temple.
  7443 | D:7      | Noticed a deep elf mage
  7449 | D:7      | Killed a deep elf mage
  7449 | D:7      | Reached skill level 5 in Armour
  7502 | D:7      | Found Xomucs's Food Shoppe.
  7592 | D:7      | Reached XP level 10. HP: 83/83 MP: 14/14
  8128 | D:8      | Reached skill level 10 in Slings
  8175 | D:8      | Reached skill level 6 in Fighting
  8470 | D:8      | Found a stormy altar of Qazlal.
  8753 | D:8      | Reached ****** piety under Lugonu
  8884 | D:9      | Noticed a two-headed ogre
  8896 | D:9      | Killed a two-headed ogre
  9220 | D:9      | Reached skill level 5 in Dodging
  9428 | D:9      | Found a staircase to the Orcish Mines.
  9465 | D:9      | Found a shattered altar of Ashenzari.
  9490 | D:9      | Reached XP level 11. HP: 91/91 MP: 16/16
  9644 | D:9      | Reached skill level 7 in Fighting
  9986 | D:10     | Entered Level 10 of the Dungeon
 11493 | D:11     | Found a staircase to the Lair.
 11662 | D:11     | Got a fine ring mail
 11673 | D:11     | Identified the +0 ring mail of Lirumpor {rN+ Regen+ Int-4
                  | Slay+3} (You found it on level 11 of the Dungeon)
 11805 | D:11     | Reached skill level 1 in Shields
 12305 | Lair:1   | Entered Level 1 of the Lair of Beasts
 12312 | D:11     | Reached skill level 1 in Evocations
 12759 | D:11     | Reached skill level 8 in Fighting
 12916 | Lair:1   | Got a shimmering platinum ring
 12920 | Lair:1   | Identified the ring of Peraq {*Corrode rElec rPois rF+
                  | Str+10} (You found it on level 1 of the Lair of Beasts)
 13297 | Lair:1   | Noticed Nergalle
 13313 | Lair:1   | Killed Nergalle
 13538 | Lair:1   | Noticed Urug
 13548 | Lair:1   | Reached skill level 9 in Fighting
 13568 | Lair:1   | Killed Urug
 13568 | Lair:1   | Reached XP level 12. HP: 64/104 MP: 18/18
 13875 | Lair:2   | Found a staircase to the Shoals.
 14691 | Lair:3   | Reached skill level 10 in Fighting
 14729 | Lair:3   | Noticed a six-headed hydra
 14743 | Lair:3   | Killed a six-headed hydra
 15031 | Lair:3   | Found a staircase to the Snake Pit.
 15399 | Lair:3   | Found a runed translucent gate.
 15399 | Lair:3   | Found a runed translucent gate.
 15399 | Lair:3   | Found a runed translucent gate.
 15399 | Lair:3   | Noticed Yroovet's ghost (journeyman TrFi)
 15399 | Lair:3   | Noticed Qaib's ghost (journeyman OpWz)
 15400 | Lair:3   | Noticed Qann's ghost (journeyman HuNe)
 15400 | Lair:3   | Noticed Viasus's ghost (journeyman GnAr)
 15420 | Lair:3   | Banished Viasus's ghost
 15488 | Lair:2   | Banished Qann's ghost
 15669 | Lair:3   | Killed Qaib's ghost
 15673 | Lair:3   | Banished Yroovet's ghost
 15730 | Lair:3   | Identified the Incunabulum of Conjuration and Evil Arts
 16071 | Lair:3   | Reached skill level 11 in Fighting
 16140 | Lair:3   | Reached XP level 13. HP: 98/116 MP: 19/19
 18293 | Lair:5   | Reached skill level 10 in Invocations
 18688 | Lair:6   | Entered Level 6 of the Lair of Beasts
 18752 | Lair:6   | Noticed Josephine
 18760 | Lair:6   | Killed Josephine
 18760 | Lair:6   | Reached skill level 12 in Fighting
 18982 | Lair:6   | Found a viscous altar of Jiyva.
 18983 | Lair:6   | Found a staircase to the Slime Pits.
 19077 | Lair:6   | Noticed Nessos
 19112 | Lair:6   | Killed Nessos
 19569 | Lair:6   | Reached XP level 14. HP: 127/127 MP: 21/21
 19983 | Lair:6   | Reached skill level 13 in Fighting
 20140 | Lair:6   | Reached skill level 5 in Evocations
 22302 | D:12     | Reached skill level 14 in Fighting
 23004 | D:13     | Gained mutation: Your flesh is cold resistant. (rC+)
                  | [potion of mutation]
 23004 | D:13     | Gained mutation: Your body sometimes deteriorates upon
                  | taking damage. [potion of mutation]
 23004 | D:13     | Gained mutation: You are partially covered in slimy green
                  | scales. (AC +2) [potion of mutation]
 23004 | D:13     | Gained mutation: Your movements are slightly less
                  | encumbered by armour. (ER -2) [potion of mutation]
 23010 | D:13     | Found a frozen archway.
 23020 | IceCv    | Entered an ice cave
 23893 | IceCv    | Noticed a frost giant
 23951 | IceCv    | Killed a frost giant
 24409 | D:13     | Reached XP level 15. HP: 135/139 MP: 23/23
 24637 | D:13     | Noticed Frances
 24672 | D:13     | Noticed Jorgrun
 24708 | D:13     | Escaped the Abyss
 24863 | D:13     | Lost mutation: Your body sometimes deteriorates upon taking
                  | damage. [potion of mutation]
 24863 | D:13     | Lost mutation: Your flesh is cold resistant. (rC+) [potion
                  | of mutation]
 24863 | D:13     | Lost mutation: You are partially covered in slimy green
                  | scales. (AC +2) [potion of mutation]
 24863 | D:13     | Gained mutation: You are somewhat resistant to further
                  | mutation. [potion of mutation]
 24864 | D:13     | Lost mutation: You are somewhat resistant to further
                  | mutation. [potion of mutation]
 24864 | D:13     | Lost mutation: Your movements are slightly less encumbered
                  | by armour. (ER -2) [potion of mutation]
 24864 | D:13     | Gained mutation: Your spells are a little harder to cast,
                  | but a little more powerful. [potion of mutation]
 24864 | D:13     | Gained mutation: You evolve. [potion of mutation]
 24864 | D:13     | Gained mutation: Scrolls take you a little longer to read.
                  | [potion of mutation]
 24864 | D:13     | Gained mutation: Your muscles are strong. (Str +2) [potion
                  | of mutation]
 25023 | D:13     | Killed Jorgrun
 25023 | D:13     | Reached skill level 5 in Shields
 25225 | D:13     | Killed Frances
 25562 | D:13     | Gained mutation: Your mind is acute. (Int +2) [evolution]
 26421 | D:14     | Found a glowing golden altar of the Shining One.
 26766 | D:14     | Reached skill level 15 in Fighting
 26768 | D:14     | Found a gate to the Vaults.
 27433 | D:15     | Entered Level 15 of the Dungeon
 27947 | D:15     | Lost mutation: Scrolls take you a little longer to read.
                  | [potion of mutation]
 27947 | D:15     | Lost mutation: Your muscles are strong. (Str +2) [potion of
                  | mutation]
 27947 | D:15     | Lost mutation: You evolve. [potion of mutation]
 27947 | D:15     | Lost mutation: Your spells are a little harder to cast, but
                  | a little more powerful. [potion of mutation]
 27947 | D:15     | Gained mutation: Your muscles are strong. (Str +2) [potion
                  | of mutation]
 27947 | D:15     | Gained mutation: Your spells are a little easier to cast,
                  | but a little less powerful. [potion of mutation]
 27947 | D:15     | Gained mutation: You can translocate small distances at
                  | will. [potion of mutation]
 28340 | D:15     | Found Joasot's Antique Weapon Shoppe.
 28575 | D:15     | Found Wionipte's Jewellery Shoppe.
 28583 | D:15     | Bought the amulet of the Coward {rF+ rC- rN+ Regen+} for
                  | 576 gold pieces
 28601 | D:15     | Found Pythuufa's Weapon Shop.
 28659 | D:15     | Found Rurghat's Distillery.
 28667 | D:15     | Bought a potion of heal wounds for 75 gold pieces
 28667 | D:15     | Bought a potion of curing for 45 gold pieces
 28667 | D:15     | Bought a potion of curing for 45 gold pieces
 28667 | D:15     | Bought a potion of curing for 45 gold pieces
 28667 | D:15     | Bought a potion of resistance for 150 gold pieces
 28722 | D:15     | Bought a runed hand axe for 186 gold pieces
 29025 | D:15     | Found a staircase to the Depths.
 29314 | D:15     | Got a faintly glowing chain mail
 29325 | D:15     | Identified the cursed +0 chain mail "Licy" {*Corrode rPois
                  | Int+3} (You found it on level 15 of the Dungeon)
 29767 | Orc:1    | Entered Level 1 of the Orcish Mines
 30682 | Orc:1    | Reached XP level 16. HP: 150/150 MP: 24/24
 30951 | Orc:2    | Entered Level 2 of the Orcish Mines
 31047 | Orc:2    | Found a roughly hewn altar of Beogh.
 31156 | Orc:2    | Reached skill level 10 in Armour
 32080 | Orc:2    | Found a staircase to the Elven Halls.
 32857 | Orc:2    | Reached skill level 16 in Fighting
 33229 | Orc:2    | Found a roughly hewn altar of Beogh.
 33309 | Orc:2    | Escaped the Abyss
 33717 | Orc:2    | Found Fayd's Distillery.
 33725 | Orc:2    | Bought a potion of heal wounds for 70 gold pieces
 33725 | Orc:2    | Bought a potion of heal wounds for 70 gold pieces
 33809 | Orc:2    | Found Kewureff's General Store.
 33930 | Orc:2    | Found Anochek's Antique Weapon Boutique.
 34016 | Orc:2    | Bought a glowing broad axe for 245 gold pieces
 34211 | Orc:2    | Found Tast's Gadget Shop.
 34522 | Snake:1  | Entered Level 1 of the Snake Pit
 34685 | Snake:1  | Found an ornate altar of the Wu Jian Council.
 36319 | Snake:1  | You fall into a shaft and drop 1 floor!
 37141 | Snake:2  | Reached skill level 5 in Axes
 37705 | Snake:2  | Found Giumiher's Magic Scroll Boutique.
 37713 | Snake:2  | Bought a scroll of teleportation for 45 gold pieces
 37713 | Snake:2  | Bought a scroll of teleportation for 45 gold pieces
 37945 | Snake:2  | Reached XP level 17. HP: 82/160 MP: 26/26
 38525 | Snake:3  | Noticed Louise
 38561 | Snake:3  | Killed Louise
 38653 | Snake:3  | Noticed Nikola
 38669 | Snake:3  | Killed Nikola
 39586 | Snake:3  | Found Wiemup's Book Shop.
 40205 | Snake:4  | Entered Level 4 of the Snake Pit
 40953 | Snake:4  | Reached skill level 17 in Fighting
 41512 | Snake:4  | Noticed Vashnia
 42611 | Snake:3  | Escaped the Abyss
 42668 | Snake:3  | Killed Vashnia
 43046 | Snake:4  | Found Dyibiasch's Antique Armour Shop.
 43067 | Snake:4  | Bought a heavily runed chain mail for 209 gold pieces
 43077 | Snake:4  | Identified the cursed +0 chain mail of Refuge {rPois MR++
                  | Int+8 Dex-3} (You bought it in a shop on level 4 of the
                  | Snake Pit)
 44175 | Snake:4  | Reached XP level 18. HP: 162/170 MP: 27/27
 44764 | Snake:4  | Got a serpentine rune of Zot
 45083 | Vaults:1 | Entered Level 1 of the Vaults
 46289 | Vaults:1 | Found a portal to a secret trove of treasure.
 46814 | Vaults:1 | Lost mutation: Your spells are a little easier to cast, but
                  | a little less powerful. [potion of mutation]
 46814 | Vaults:1 | Lost mutation: Your mind is acute. (Int +2) [potion of
                  | mutation]
 46814 | Vaults:1 | Gained mutation: Your muscles are very strong. (Str +4)
                  | [potion of mutation]
 46814 | Vaults:1 | Gained mutation: You are partially covered in icy blue
                  | scales. (AC +2) [potion of mutation]
 46814 | Vaults:1 | Gained mutation: You are agile. (Dex +2) [potion of
                  | mutation]
 46815 | Vaults:1 | Lost mutation: You can translocate small distances at will.
                  | [potion of mutation]
 46815 | Vaults:1 | Lost mutation: Your muscles are very strong. (Str +4)
                  | [potion of mutation]
 46815 | Vaults:1 | Lost mutation: You are agile. (Dex +2) [potion of mutation]
 46815 | Vaults:1 | Lost mutation: Your muscles are strong. (Str +2) [potion of
                  | mutation]
 46815 | Vaults:1 | Gained mutation: You are agile. (Dex +2) [potion of
                  | mutation]
 46815 | Vaults:1 | Gained mutation: You can translocate small distances at
                  | will. [potion of mutation]
 46952 | Vaults:1 | Found a radiant altar of Vehumet.
 47315 | Vaults:1 | Found Abimmoin's Antique Armour Shop.
 47323 | Vaults:1 | Bought a pair of transparent gloves for 256 gold pieces
 47333 | Vaults:1 | Identified the +0 pair of gloves of Moral Flaws {rElec rF+
                  | Dex-5 Slay+3} (You bought it in a shop on level 1 of the
                  | Vaults)
 47349 | Vaults:1 | Bought a glowing buckler for 202 gold pieces
 47811 | Abyss:1  | Noticed a bone dragon
 47885 | Vaults:2 | Escaped the Abyss
 49677 | Vaults:2 | Reached XP level 19. HP: 168/179 MP: 29/29
 49973 | Vaults:2 | Reached skill level 18 in Fighting
 52555 | Vaults:2 | Found a staircase to the Crypt.
 53217 | Vaults:3 | Noticed Bai Suzhen
 53296 | Vaults:3 | Killed Bai Suzhen
 53818 | Vaults:3 | Noticed Mennas
 55334 | Abyss:1  | Found a corrupted altar of Lugonu.
 55381 | Vaults:2 | Escaped the Abyss
 55558 | Vaults:2 | Reached skill level 10 in Dodging
 56087 | Vaults:3 | Reached skill level 10 in Evocations
 56124 | Vaults:3 | Reached XP level 20. HP: 158/189 MP: 30/30
 58636 | Vaults:4 | Found Wumenurph's Antique Armour Shop.
 59048 | Vaults:5 | Entered Level 5 of the Vaults
 59049 | Vaults:5 | Corrupted Vaults:5
 59184 | Vaults:5 | Reached skill level 19 in Fighting
 59349 | Vaults:5 | Noticed Sojobo
 59449 | Vaults:5 | Reached skill level 15 in Invocations
 59451 | Vaults:5 | Noticed a golden dragon
 59453 | Vaults:5 | Noticed an ancient lich
 59472 | Vaults:5 | Killed a golden dragon
 59481 | Vaults:5 | HP: 6/191 [yaktaur captain/bolt (21)]
 59483 | Vaults:5 | HP: 2/191 [yaktaur captain/bolt (1)]
 59484 | Vaults:5 | Killed from afar by an ancient lich

Levels and vault maps discovered:
D:1:      tarquinn_simple_flora_water_d, layout_loops_ring,
          nemelex_diamond_rough_becter
D:2:      layout_loops_ring, chequers_ecumenical_altar_island,
          kennysheep_slug_shrine, uniq_natasha
D:3:      layout_basic
D:4:      layout_basic, first_ration, grunt_decor_mini_mirrors
D:5:      layout_gridville, enter_ossuary_4
D:6:      layout_loops_corners, portal_sewer_entry_c, tso_metal_star
D:7:      layout_layer_cave, minmay_temple_entry_stoned_glass, serial_shops,
          shop, the_bakery
D:8:      layout_loops_ring, grunt_qazlal_clouds, minmay_manual_mares
D:9:      layout_irregular_city, minmay_orc_entry_guard_dogs, basic_altar
D:10:     layout_basic
D:11:     layout_gridville, david_lair_shrubbed,
          eino_small_chamber_without_monster
D:12:     layout_rooms, serial_undead, serial_undead_b, serial_undead_f,
          serial_undead_b, serial_undead_d, serial_undead_c, serial_undead_c,
          serial_undead_b, fountainhead
D:13:     layout_irregular_city, portal_ice_cave_entry_pillars_2, uniq_jorgrun,
          uniq_frances
D:14:     layout_irregular_city, david_vaults_2, gauntlet_entry_generic,
          lemuel_doored_altar
D:15:     grunt_enter_depths_magical_seal, layout_irregular_city,
          chequers_serial_rivers_micro_c, serial_shops, shop, shop,
          nicolae_shop_stone, nicolae_shop_temple_entry_statues_fountains
Lair:1:   layout_chaotic_city, lemuel_fruit_tree, uniq_urug, uniq_nergalle
Lair:2:   layout_hall_layers, shoals_dummy_entry, grunt_megastairs_3
Lair:3:   layout_misc_corridors, guppyfry_snake_entry_island,
          gammafunk_ghost_cemetery, beast_lair_carwin_2
Lair:4:   layout_misc_corridors, lemuel_fruit_fields, serial_bayou_shore_b,
          serial_bayou_shore_a, grunt_megastairs_4
Lair:5:   layout_gridlike
Lair:6:   due_jungle_book, layout_regular_city, slime_altar_1,
          infiniplex_staircase_pool_2, uniq_josephine, uniq_nessos
Snake:1:  layout_honeycomb, basic_altar, serial_bayou_lagoon_a, drop_trap
Snake:2:  layout_chambers, serial_shops, shop
Snake:3:  layout_basic, serial_shops, shop, nicolae_snake_springs, uniq_louise,
          uniq_nikola
Snake:4:  grunt_snake_rune_serpentine_throne, layout_cave_town, serial_shops,
          shop_coins, uniq_vashnia
Orc:1:    layout_caves
Orc:2:    pubby_orc_utopia
Vaults:1: vaults_standard_mumra_x, dpeg_vaults_monster_row,
          nicolae_vaults_rhombus_6, v_alt_pattern_2, grunt_tower_of_power,
          vaults_dpeg_doors, vaults_standard_mumra_lines, nicolae_vaults_theta,
          vaults_mumra_hex, nicolae_vaults_little_squares_6,
          nicolae_vaults_sealed_display, vaults_room_semicircle,
          layout_vaults_ring, serial_shops, shop, enter_trove_3
Vaults:2: nicolae_vaults_border_crossing, dpeg_vaults_pockets_of_resistance,
          v_misc_22, hangedman_vaults_slither, vaults_room_pool,
          minmay_crypt_entry_simple_box, v_alt_pattern_5, vaults_mumra_hexcomb,
          hangedman_vaults_trim, nicolae_vaults_little_squares_1,
          nicolae_vaults_network_s, layout_vaults_omnigrid
Vaults:3: ontoclasm_vaults_idyll, hangedman_vaults_locks, v_misc_19, v_misc_15,
          nicolae_vaults_specimen_jars, grunt_vaults_funnel,
          ontoclasm_vaults_twist, v_misc_2, hangedman_vaults_snaps,
          special_room_vaults [special_room_orc], grunt_vaults_hallway_short,
          hangedman_vaults_restitches, layout_vaults_maze_snakey, uniq_asterion,
          uniq_mennas, uniq_bai_suzhen
Vaults:4: hangedman_vaults_cutoff, vaults_room_octagon,
          hangedman_vaults_stretched_pinwheel, vaults_dpeg_encased_lava,
          v_misc_14, vaults_room_hallway, nicolae_vaults_network_periphery,
          v_misc_1, hangedman_vaults_variations, hangedman_vaults_capsules,
          v_misc_28, st_lines, vaults_room_mumra_shop_pool,
          layout_vaults_omnibox
Vaults:5: uniq_sojobo

Skill      XL: |  1  2  3  4  5  6  7  8  9 10 11 12 13 14 15 16 17 18 19 20 |
---------------+-------------------------------------------------------------+-----
Dodging        | 1 2 3 4 5 6 7 8 9 10 | 10.3
Slings         | 1 2 3 5 6 8 9 11 12 | 12.0
Armour         | 2 3 4 5 6 7 8 9 10 11 12 13 | 13.0
Invocations    | 3 4 5 6 7 8 9 10 11 12 13 14 15 | 15.0
Fighting       | 4 5 6 9 11 12 14 15 16 17 18 19 | 19.1
Shields        | 2 3 4 5 6 7 8 9 |  9.1
Evocations     | 2 3 4 5 6 7 8 9 10 | 10.4
Axes           | 2 3 5 6 7 9 |  9.9
Throwing       | |  0.7

Action                   |  1- 3 |  4- 6 |  7- 9 | 10-12 | 13-15 | 16-18 | 19-21 || total
-------------------------+-------+-------+-------+-------+-------+-------+-------++-------
Melee: Hand axe          |     4 |       |       |       |   190 |  1215 |   974 ||  2383
       Kick              |     1 |       |       |       |    90 |   538 |   452 ||  1081
       Hunting sling     |       |       |       |     1 |     2 |       |       ||     3
 Fire: Hunting sling     |    43 |   132 |   482 |   976 |  2031 |  1232 |   444 ||  5340
Throw: Stone             |       |       |       |       |     1 |    20 |       ||    21
Invok: Depart the Abyss  |     1 |       |       |       |     1 |     3 |     1 ||     6
       Bend Space        |       |       |       |     3 |     3 |     4 |     1 ||    11
       Banish            |       |       |       |     8 |     6 |    21 |     8 ||    43
       Enter the Abyss   |       |       |       |       |     1 |     3 |     1 ||     5
       Corrupt           |       |       |       |       |       |       |     1 ||     1
Evoke: Wand              |       |       |       |     8 |     8 |     4 |       ||    20
  Use: Scroll            |     7 |     1 |    11 |    11 |    19 |    14 |     3 ||    66
       Potion            |     1 |       |       |     1 |     5 |     8 |    19 ||    34
  Eat: Chunk             |       |     7 |     4 |    22 |    29 |    25 |    18 ||   105
       Ration            |       |       |     1 |     1 |     2 |    11 |     4 ||    19
Armor: Ring mail         |     2 |     2 |       |       |       |       |       ||     4
       Chain mail        |       |     9 |    94 |    94 |   414 |   775 |   567 ||  1953
Dodge: Dodged            |     7 |     5 |    51 |   112 |   397 |   867 |   554 ||  1993
Block: Buckler           |       |       |    16 |    38 |   133 |   389 |   401 ||   977
       Reflection        |       |       |       |       |       |    10 |    26 ||    36

Table legend:
 A = Non-vault XP
 B = Vault XP
 C = Vault XP percentage of total XP
 D = Non-vault monster count
 E = Vault monster count
 F = Vault count percentage of total count
                 A         B        C        D         E       F
            +---------+---------+-------+---------+---------+-------
      Total |  278729 |  274181 |  49.6 |    1008 |     613 |  37.8
            +---------+---------+-------+---------+---------+-------
        D:1 |      41 |       0 |   0.0 |      22 |       0 |   0.0
        D:2 |     140 |      39 |  21.8 |      20 |       2 |   9.1
        D:3 |     161 |       0 |   0.0 |      16 |       0 |   0.0
        D:4 |     221 |       0 |   0.0 |      15 |       0 |   0.0
        D:5 |     657 |       2 |   0.3 |      26 |       2 |   7.1
        D:6 |    1704 |      46 |   2.6 |      41 |       5 |  10.9
        D:7 |    1682 |     211 |  11.1 |      22 |       1 |   4.3
        D:8 |    1213 |     220 |  15.4 |      28 |       2 |   6.7
        D:9 |    5909 |     497 |   7.8 |      70 |       3 |   4.1
       D:10 |    1726 |       0 |   0.0 |      26 |       0 |   0.0
       D:11 |    4436 |     361 |   7.5 |      37 |       1 |   2.6
       D:12 |    3941 |    1702 |  30.2 |      35 |      17 |  32.7
       D:13 |   11050 |    5526 |  33.3 |      39 |       2 |   4.9
       D:14 |   13037 |    1289 |   9.0 |      49 |       3 |   5.8
       D:15 |   14015 |    5552 |  28.4 |      52 |      10 |  16.1
     Lair:1 |    3410 |    1655 |  32.7 |      17 |       2 |  10.5
     Lair:2 |    5999 |    1384 |  18.7 |      19 |       5 |  20.8
     Lair:3 |    5986 |    2973 |  33.2 |      24 |       7 |  22.6
     Lair:4 |   10353 |     196 |   1.9 |      30 |       1 |   3.2
     Lair:5 |    2615 |       0 |   0.0 |      14 |       0 |   0.0
     Lair:6 |   27098 |    6311 |  18.9 |      66 |      12 |  15.4
    Snake:1 |   20640 |       0 |   0.0 |      54 |       0 |   0.0
    Snake:2 |   16831 |       0 |   0.0 |      34 |       0 |   0.0
    Snake:3 |   17420 |   24678 |  58.6 |      37 |      29 |  43.9
    Snake:4 |    8955 |   39181 |  81.4 |      16 |      55 |  77.5
      Orc:1 |    3221 |       0 |   0.0 |      23 |       0 |   0.0
      Orc:2 |       0 |   23030 | 100.0 |       0 |     149 | 100.0
   Vaults:1 |   15446 |   20732 |  57.3 |      29 |      38 |  56.7
   Vaults:2 |   46046 |   52758 |  53.4 |      82 |      74 |  47.4
   Vaults:3 |   11025 |   24650 |  69.1 |      26 |      35 |  57.4
   Vaults:4 |   18209 |   33166 |  64.6 |      30 |      44 |  59.5
   Vaults:5 |    4386 |   17106 |  79.6 |       5 |      15 |  75.0
    Abyss:1 |    1156 |       0 |   0.0 |       4 |       0 |   0.0
      Sewer |       0 |     412 | 100.0 |       0 |      48 | 100.0
    Ossuary |       0 |     752 | 100.0 |       0 |      15 | 100.0
      IceCv |       0 |    9752 | 100.0 |       0 |      36 | 100.0
            +---------+---------+-------+---------+---------+-------
